AoeStats
← PapaLeaoX

Arena

510029676Analyzed
1v1 RM · 5d ago on Sep 29, 2026· 51m 38s· 2 players
Game mode
Random Map
Map size
Tiny (2 player)
Population
200
Speed
Normal
Resources
Standard
Victory
Conquest
Starting age
Dark Age
Ending age
Imperial Age
RankedLock teamsTeams togetherTeam positionsShared explorationLock speedFull tech treeHidden civsTurbo modeCheats
Victory
Defeat
🇮🇳 Bohemians · India
1369
+18
🇧🇷 Teutons · Brazil
1416
-18
PapaLeaoX
11:29 Feudal Age
15:26 Castle Age
14:44 Double-Bit Axe
14:39 Horse Collar
18:38 Fervor
19:27 Wheelbarrow
21:50 Heavy Plow
24:36 Gold Mining
24:39 Stone Mining
25:43 Bow Saw
29:29 Imperial Age
26:49 Loom
27:19 Hand Cart
26:50 Town Watch
27:37 Ballistics
27:35 Forging
27:36 Scale Barding Armor
28:49 Bloodlines
29:23 Stone Shaft Mining
29:35 Onager
31:20 Chemistry
32:37 Ironclad
32:18 Siege Onager
34:16 Cavalier
35:18 Chain Barding Armor
35:33 Iron Casting
36:47 Scale Mail Armor
37:14 Gambesons
37:30 Squires
37:15 Arson
39:23 Blast Furnace
38:40 Chain Mail Armor
38:42 Elite Teutonic Knight
43:54 Crenellations
KiwiSid
10:33 Feudal Age
12:13 Double-Bit Axe
14:35 Castle Age
12:34 Horse Collar
15:39 Bow Saw
15:32 Heavy Plow
17:44 Fervor
20:59 Wheelbarrow
22:00 Fervor
22:24 Hand Cart
23:40 Loom
23:42 Town Watch
28:43 Imperial Age
28:28 Chemistry
28:29 Sanctity
28:03 Pikeman
28:43 Squires
28:45 Scale Mail Armor
28:55 Forging
29:02 Houfnice
30:07 Chain Mail Armor
30:34 Conscription
31:07 Iron Casting
31:46 Two-Man Saw
30:32 Halberdier
32:05 Plate Mail Armor
33:29 Blast Furnace
33:15 Fletching
33:25 Padded Archer Armor
34:53 Bodkin Arrow
35:13 Leather Archer Armor
36:18 Scale Barding Armor
36:13 Bracer
36:44 Ring Archer Armor
37:09 Ballistics
36:56 Siege Engineers
37:01 Masonry
40:55 Architecture
42:11 Murder Holes
47:16 Wagenburg Tactics
51:10 Guilds
Connection lost

Rejoining the realm…

Still unreachable

The connection could not be restored.

Session expired

The server has moved on; the page needs a fresh start.